[Event "fics rated crazyhouse match"]
[Site "fics, Oklahoma City, OK USA"]
[Date "2000.10.17"]
[White "MyPartner"]
[WhiteElo "2379"]
[Black "Gobi"]
[BlackElo "2370"]
[TimeControl "180+0"]
[Result "1-0"]

1. e4 Nc6 2. d4 Nf6 3. Nc3 e5 4. d5 Nd4 5. Nf3 Nxf3+ 6. gxf3 
Bc5 7. N@f5 Rg8 8. d6 N@d4 9. Nxg7+ Rxg7 10. P@e7 Qxe7 11. dxe7 Bxe7 
12. Nd5 Nxd5 13. Q@h8+ Bf8 14. exd5 N@g6 15. N@f6+ Ke7 16. Qxg7 Bxg7 17. R@e8+ 
Kxf6 18. Qxd4 N@f4 19. Bxf4 Nxf4 20. Qxe5+ Kg6 21. N@h4+ Kh6 
{Gobi resigns} 1-0

[Event "fics rated crazyhouse match"]
[Site "fics, Oklahoma City, OK USA"]
[Date "2000.10.17"]
[White "Gobi"]
[WhiteElo "2362"]
[Black "MyPartner"]
[BlackElo "2387"]
[TimeControl "180+0"]
[Result "0-1"]

1. Nc3 e6 2. e4 d5 3. Nf3 d4 4. Nb5 Nc6 5. c3 dxc3 6. bxc3 
P@a6 7. Nbd4 Nxd4 8. cxd4 N@h4 9. Nxh4 Qxh4 10. N@g3 Qd8 11. P@c3 Nf6 
12. Bd3 e5 13. d5 N@f4 14. Bf1 Ng4 15. N@e3 h5 16. d3 h4 17. Ne2 
Nxe3 18. Bxe3 N@b2 19. Bxf4 Nxd1 20. Bxe5 Nxf2 21. Kxf2 Q@b2 22. N@b3 P@a4 
23. N@c4 Qc2 24. N@e3 Qxd3 25. Ng3 hxg3+ 26. hxg3 Qxe3+ 27. Nxe3 Rxh1 28. Nd4 
Rxf1+ 29. Rxf1 N@d3+ 30. Kg1 Nxe5 
{Gobi forfeits on time} 0-1

[Event "fics rated crazyhouse match"]
[Site "fics, Oklahoma City, OK USA"]
[Date "2000.10.17"]
[White "MyPartner"]
[WhiteElo "2394"]
[Black "Gobi"]
[BlackElo "2355"]
[TimeControl "180+0"]
[Result "0-1"]

1. e4 Nf6 2. Nc3 e5 3. Nf3 Nc6 4. Ng5 Bc5 5. Nxf7 Kxf7 6. Bc4+ 
Kf8 7. P@e3 d6 8. h3 Qe8 9. Nd5 Nxd5 10. exd5 Nd8 11. N@e4 N@h4 
12. Bf1 Qg6 13. Nxc5 dxc5 14. B@g3 N@f5 15. Bxh4 Nxh4 16. Rh2 B@e4 17. N@d3 
Bxg2 18. Bxg2 Nxg2+ 19. Kf1 Nh4 20. B@h1 Bxh3+ 21. Rxh3 P@g2+ 22. Bxg2 Qxg2+ 
23. Ke1 N@f3+ 24. Rxf3+ Nxf3+ 25. Qxf3+ Qxf3 26. N@d7+ Ke8 27. B@h5+ Qxh5 28. Nf6+ 
gxf6 29. N@g7+ Kf7 30. Nxh5 N@f3+ 31. Ke2 Ng1+ 32. Kf1 B@e2+ 33. Kxg1 Q@f1+ 
34. Kh2 R@h3# 
{MyPartner checkmated} 0-1

[Event "fics rated crazyhouse match"]
[Site "fics, Oklahoma City, OK USA"]
[Date "2000.10.17"]
[White "Gobi"]
[WhiteElo "2364"]
[Black "MyPartner"]
[BlackElo "2385"]
[TimeControl "180+0"]
[Result "0-1"]

1. e4 e6 2. d4 d6 3. Nc3 Nf6 4. Bd3 Nc6 5. Nge2 Ng4 6. O-O 
e5 7. dxe5 Ncxe5 8. P@f3 Nxh2 9. Kxh2 P@c4 10. Bxc4 Nxc4 11. Nd5 B@e5+ 
12. f4 Bxb2 13. Bxb2 Nxb2 14. Qd4 P@d3 15. cxd3 Nxd3 16. Qxd3 P@b2 17. Qb5+ 
P@c6 18. Qxb2 cxd5 19. exd5 Qh4+ 20. P@h3 N@g4+ 21. Kg1 Nxf2 22. Rxf2 P@h2+ 
23. Kxh2 Qxf2 24. B@g3 Qe3 25. N@b5 R@d2 26. N@c4 Rxb2 27. Nxe3 Q@e7 28. Ned4 
Rxb5 29. Nxb5 B@d3 30. Nxc7+ Qxc7 31. P@c4 N@e4 32. N@b5 Qe7 
{Gobi resigns} 0-1

[Event "fics rated crazyhouse match"]
[Site "fics, Oklahoma City, OK USA"]
[Date "2000.10.17"]
[White "MyPartner"]
[WhiteElo "2393"]
[Black "Gobi"]
[BlackElo "2356"]
[TimeControl "180+0"]
[Result "1-0"]

1. e4 Nc6 2. d4 d6 3. Nf3 Nf6 4. d5 Nb8 5. Ng5 e5 6. dxe6 
Bxe6 7. Nc3 Be7 8. Nxe6 fxe6 9. B@a4+ c6 10. P@g5 Nfd7 11. Be3 P@f7 
12. Bb3 Bxg5 13. Bxg5 Qxg5 14. Qxd6 B@f4 15. Qb4 Nc5 16. P@e3 Bxe3 17. h4 
Bxf2+ 18. Kxf2 P@g3+ 19. Ke2 Nba6 20. hxg5 Nxb4 21. Q@d4 Rd8 22. Qxc5 N@d4+ 
23. Qxd4 Rxd4 24. N@c7+ Kd7 25. N@c5+ Kxc7 26. B@e5+ P@d6 27. Bxd4 dxc5 28. Be5+ 
P@d6 29. B@a5+ N@b6 30. Bxb6+ axb6 31. R@e7+ B@d7 32. Bxd6+ Kxd6 33. Rxf7 B@d4 
34. N@c4# 
{Gobi forfeits on time} 1-0

[Event "fics rated crazyhouse match"]
[Site "fics, Oklahoma City, OK USA"]
[Date "2000.10.17"]
[White "Gobi"]
[WhiteElo "2349"]
[Black "MyPartner"]
[BlackElo "2400"]
[TimeControl "180+0"]
[Result "0-1"]

1. Nf3 d6 2. Nc3 Nf6 3. e4 Bg4 4. Bc4 Bxf3 5. Qxf3 N@e5 6. Qe2 
Nxc4 7. Qxc4 Nc6 8. d4 e5 9. d5 Nd4 10. B@a4+ B@d7 11. Bg5 Be7 
12. Bxf6 Bxf6 13. Bxd7+ Qxd7 14. B@a4 c6 15. dxc6 bxc6 16. P@b5 P@b7 17. N@e2 
Nxe2 18. Nxe2 N@a5 19. bxc6 B@d2+ 20. Kd1 bxc6 21. Qd3 Bfg5 22. P@e3 Bb4 
23. N@d5 P@c4 24. Bxc6 Qxc6 25. Nxb4 cxd3 26. cxd3 Qa4+ 27. N@c2 Q@g4 28. B@f3 
Qc8 29. Nc3 Qad7 30. P@d5 B@b7 31. P@c6 Bxc6 32. dxc6 Nxc6 33. Nxc6 Qcxc6 
34. B@d5 Qcc8 35. Bxa8 Qxa8 36. Nd5 N@e6 37. N@f5 P@g6 38. Nxg7+ Nxg7 39. R@c7 
Qxd5 40. Rxd7 Qxd3+ 41. P@d2 Kxd7 42. Q@b7+ R@c7 
{Gobi forfeits on time} 0-1

[Event "fics rated crazyhouse match"]
[Site "fics, Oklahoma City, OK USA"]
[Date "2000.10.17"]
[White "MyPartner"]
[WhiteElo "2408"]
[Black "BEO"]
[BlackElo "2184"]
[TimeControl "180+0"]
[Result "1-0"]

1. e4 e6 2. d4 d5 3. exd5 exd5 4. Bb5+ c6 5. Qe2+ Be7 6. Bf4 
cxb5 7. Qxb5+ P@c6 8. Qb3 Na6 9. a3 Nf6 10. P@h6 gxh6 11. Bxh6 Rg8 
12. P@g5 Ne4 13. P@f6 Nxf6 14. gxf6 Bxf6 15. Qe3+ P@e4 16. N@g3 Nc7 17. Nxe4 
dxe4 18. Qxe4+ Be6 19. P@f5 B@d5 20. fxe6 Bxe4 21. B@d7+ Ke7 22. exf7 Qxd7 
23. fxg8=N+ Rxg8 24. R@e2 P@f5 25. Rxe4+ fxe4 26. P@d6+ Qxd6 27. B@b4 B@a5 28. Bxa5 
Bxd4 29. B@g5+ P@f6 30. Bb4 P@c5 31. Bf4 P@e5 32. Nd2 exf4 33. Nxe4 Bxf2+ 
34. Nxf2 P@e3 35. Ne4 P@f2+ 36. Ke2 N@d4+ 37. Kf1 B@a6+ 38. B@d3 Qe5 39. Bxc5+ 
Qxc5 40. P@d6+ Qxd6 41. Bxa6 bxa6 42. B@f8+ Rxf8 43. Bxf8+ Kxf8 44. P@g7+ Kxg7 
45. R@g4+ P@g5 46. Rxg5+ fxg5 47. Ne2 B@c4 48. P@f6+ Qxf6 49. P@d3 Nxe2 50. dxc4 
N@g3+ 51. hxg3 Nxg3+ 52. Nxg3 fxg3 53. N@h5+ Kf8 54. N@d7+ Ke7 55. B@b4+ c5 
56. Nhxf6 
{BEO forfeits on time} 1-0

[Event "fics rated crazyhouse match"]
[Site "fics, Oklahoma City, OK USA"]
[Date "2000.10.17"]
[White "BEO"]
[WhiteElo "2181"]
[Black "MyPartner"]
[BlackElo "2411"]
[TimeControl "180+0"]
[Result "1-0"]

1. e4 e6 2. d4 d6 3. Nc3 Nf6 4. Nf3 Be7 5. Bd3 Nc6 6. O-O 
Bd7 7. Re1 e5 8. dxe5 Nxe5 9. Nxe5 dxe5 10. N@f5 Bxf5 11. exf5 P@d4 
12. Ne2 N@c5 13. Ng3 Nxd3 14. cxd3 N@c6 15. P@e6 B@d5 16. exf7+ Bxf7 17. P@e6 
Bg8 18. B@f3 Bd6 19. Bg5 P@h6 20. Bxf6 Qxf6 21. N@e4 Qe7 22. N@d5 Qf8 
23. Nxd6+ Qxd6 24. B@a3 N@b4 25. Nxb4 Nxb4 26. N@c4 Qe7 27. Bxb4 Qxb4 28. Nxe5 
Bxe6 29. fxe6 Qxb2 30. P@d7+ Kf8 31. N@g6+ hxg6 32. Nxg6+ Kg8 33. Nxh8 P@c2 
34. Nf7 N@g6 35. R@e8+ B@f8 36. Rxa8 N@h3+ 37. gxh3 B@a3 38. d8=Q cxd1=N 39. Qxf8+ 
Bxf8 40. Rxf8+ Kxf8 41. R@d8+ R@e8 42. Rxe8+ Kxe8 43. P@d7+ Ke7 44. R@e8+ Kf6 
45. d8=Q# 
{MyPartner forfeits on time} 1-0

[Event "fics rated crazyhouse match"]
[Site "fics, Oklahoma City, OK USA"]
[Date "2000.10.17"]
[White "MyPartner"]
[WhiteElo "2398"]
[Black "BEO"]
[BlackElo "2194"]
[TimeControl "180+0"]
[Result "1-0"]

1. e4 e6 2. d4 d5 3. exd5 exd5 4. Bb5+ c6 5. Qe2+ Be7 6. Bf4 
cxb5 7. Qxb5+ P@c6 8. Qb3 Na6 9. a3 Nf6 10. P@h6 Rg8 11. hxg7 Rxg7 
12. P@e5 Ne4 13. P@d6 Nxd6 14. exd6 Bxd6 15. Bxd6 Qxd6 16. B@e5 Qe6 17. N@d6+ 
Kf8 18. Nxc8 Rxc8 19. Qxb7 P@f6 20. B@d7 fxe5 21. Qxc8+ B@e8 22. Bxe6 fxe6 
23. Q@f6+ B@f7 24. P@e7+ Kg8 25. R@f8# 
{BEO checkmated} 1-0

[Event "fics rated crazyhouse match"]
[Site "fics, Oklahoma City, OK USA"]
[Date "2000.10.17"]
[White "BEO"]
[WhiteElo "2190"]
[Black "MyPartner"]
[BlackElo "2402"]
[TimeControl "180+0"]
[Result "0-1"]

1. e4 e6 2. d4 Nf6 3. Bd3 d6 4. Nf3 Be7 5. Nc3 Nc6 6. O-O 
h5 7. Re1 Ng4 8. Bf4 Nxf2 9. Kxf2 P@g4 10. d5 exd5 11. exd5 gxf3 
12. dxc6 N@g4+ 13. Kxf3 bxc6 14. P@h3 P@d4 15. Ne4 P@e5 16. Bg3 d5 17. P@b7 
Bxb7 18. Nf2 e4+ 19. Nxe4 dxe4+ 20. Bxe4 N@g5+ 21. Ke2 Nxe4 22. P@f3 Nxg3+ 
23. hxg3 B@b5+ 24. P@d3 Ne3 25. Qd2 Nxg2 26. Rg1 B@h6 27. f4 P@e3 28. Qa5 
P@b6 29. N@f5 bxa5 30. Nxh6 Q@f2+ 31. Kd1 
{BEO resigns} 0-1

[Event "fics rated crazyhouse match"]
[Site "fics, Oklahoma City, OK USA"]
[Date "2000.10.17"]
[White "MyPartner"]
[WhiteElo "2406"]
[Black "BEO"]
[BlackElo "2186"]
[TimeControl "180+0"]
[Result "1-0"]

1. e4 e6 2. d4 d5 3. exd5 exd5 4. Bb5+ c6 5. Qe2+ Be7 6. Bf4 
cxb5 7. Qxb5+ P@c6 8. Qb3 Na6 9. a3 Nf6 10. P@h6 Rg8 11. hxg7 Rxg7 
12. P@e5 Ne4 13. P@d6 Nxd6 14. exd6 Bxd6 15. Bxd6 Qxd6 16. B@e5 Qe7 17. N@d6+ 
Kf8 18. Nxc8 Rxc8 19. B@d6 Qxd6 20. Bxd6+ P@e7 21. Qxb7 Re8 22. P@d7 exd6+ 
23. dxe8=Q+ Kxe8 24. Q@e7# 
{BEO checkmated} 1-0

[Event "fics rated crazyhouse match"]
[Site "fics, Oklahoma City, OK USA"]
[Date "2000.10.17"]
[White "BEO"]
[WhiteElo "2182"]
[Black "MyPartner"]
[BlackElo "2410"]
[TimeControl "180+0"]
[Result "1-0"]

1. e4 Nf6 2. e5 Nd5 3. d4 e6 4. Nf3 Nc6 5. Be2 Bb4+ 6. c3 
Be7 7. O-O d6 8. exd6 Bxd6 9. c4 Nf4 10. Bxf4 Bxf4 11. N@h5 B@h6 
12. Nc3 P@g4 13. Ne5 Bxe5 14. dxe5 Nxe5 15. P@f4 Qxd1 16. Raxd1 Nc6 17. Bxg4 
P@c2 18. Rd2 Q@h4 19. B@f3 N@d4 20. P@g3 Qe7 21. Bxc6+ Nxc6 22. Rxc2 B@d3 
23. Rcc1 Bxc4 24. P@g5 Bxg5 25. fxg5 Qxg5 26. B@f4 Qg6 27. N@h4 Qxg4 28. Nxg7+ 
Qxg7 29. P@h6 Qf8 30. Bxc7 Qxh6 31. P@b5 Bxb5 32. Nxb5 N@e2+ 33. Kh1 Nxc1 
34. Nd6+ Kd7 35. Nxc8 Kxc8 36. Bf4 Qxf4 37. gxf4 Nxa2 38. B@e5 Nxe5 39. fxe5 
B@c5 40. B@d6 Bxd6 41. exd6 P@c7 42. dxc7 P@e2 43. N@d6+ Kd7 44. B@b5+ N@c6 
45. Bxe2 Kxd6 46. P@b5 Kxc7 47. bxc6 R@b4 48. P@d6+ Kxd6 49. Q@d7+ Kc5 50. Q@d6+ 
Kb6 51. cxb7# 
{MyPartner forfeits on time} 1-0

[Event "fics rated crazyhouse match"]
[Site "fics, Oklahoma City, OK USA"]
[Date "2000.10.17"]
[White "MyPartner"]
[WhiteElo "2397"]
[Black "liveZ"]
[BlackElo "2393"]
[TimeControl "180+0"]
[Result "1-0"]

1. e4 e6 2. d4 Nc6 3. Be3 Nf6 4. Bd3 d6 5. Nc3 e5 6. d5 
Nd4 7. Bxd4 exd4 8. Bb5+ B@d7 9. Qxd4 Bxb5 10. Nxb5 B@e5 11. Qc4 Be7 
12. Nxc7+ Qxc7 13. Qxc7 Bxb2 14. Q@b5+ Kf8 15. Qxb2 Nxe4 16. P@d7 Bxd7 17. Qxd7 
N@f4 18. Qbxb7 Re8 19. Qxe8+ Kxe8 20. P@d7+ Kd8 21. N@c6# 
{liveZ checkmated} 1-0

[Event "fics rated crazyhouse match"]
[Site "fics, Oklahoma City, OK USA"]
[Date "2000.10.17"]
[White "liveZ"]
[WhiteElo "2385"]
[Black "MyPartner"]
[BlackElo "2405"]
[TimeControl "180+0"]
[Result "0-1"]

1. e4 e6 2. d3 Nc6 3. Nf3 Nf6 4. Bg5 d5 5. e5 h6 6. exf6 
hxg5 7. fxg7 Bxg7 8. Nc3 P@b4 9. Nb5 Bxb2 10. Rb1 Bf6 11. Be2 g4 
12. Nd2 a6 13. Nxc7+ Qxc7 14. Bxg4 N@c3 15. N@h5 Qe5+ 16. P@e3 Nxd1 17. Bxd1 
Rxh5 18. Bxh5 Q@g7 19. R@g3 P@g6 20. Bf3 N@d4 21. Bd1 B@c3 22. P@f4 Nxc2+ 
23. Bxc2 Bxd2+ 24. Kxd2 Qc3+ 25. Kd1 P@e2+ 26. Kxe2 Qxc2+ 27. P@d2 N@c3+ 28. Kf3 
B@e2# 
{liveZ checkmated} 0-1

[Event "fics rated crazyhouse match"]
[Site "fics, Oklahoma City, OK USA"]
[Date "2000.10.17"]
[White "MyPartner"]
[WhiteElo "2413"]
[Black "liveZ"]
[BlackElo "2377"]
[TimeControl "180+0"]
[Result "1-0"]

1. e4 e6 2. d4 Nc6 3. Be3 d5 4. e5 Nge7 5. Nh3 Nf5 6. Be2 
Bb4+ 7. Kf1 Qe7 8. Bg5 f6 9. exf6 gxf6 10. Be3 Rg8 11. P@b5 Nd8 
12. a3 Bd6 13. Bf4 P@e5 14. Bh5+ Kf8 15. dxe5 Bxe5 16. Bxe5 fxe5 17. B@b4 
P@d6 18. Kg1 Bd7 19. a4 Nf7 20. Bxf7 Qxf7 21. N@g5 Qg6 22. Nc3 B@h6 
23. P@h5 Qg7 24. Nxd5 Bxg5 25. Nxc7 Be7 26. P@g5 Bxg5 27. Nxa8 Be7 28. R@b8+ 
B@e8 29. P@g5 Bxg5 30. Bxd6+ Nxd6 31. Qxd6+ Be7 32. N@g6+ hxg6 33. Qxd7 N@f3+ 
34. gxf3 gxh5+ 35. P@g5 B@f7 36. Nc7 N@d8 37. Rxd8 Bxd8 38. Qxd8 P@e7 39. N@d7# 
{liveZ checkmated} 1-0

[Event "fics rated crazyhouse match"]
[Site "fics, Oklahoma City, OK USA"]
[Date "2000.10.17"]
[White "liveZ"]
[WhiteElo "2370"]
[Black "MyPartner"]
[BlackElo "2420"]
[TimeControl "180+0"]
[Result "1-0"]

1. e4 e6 2. d4 d6 3. Nf3 Nf6 4. Nc3 Nc6 5. Bg5 Bd7 6. e5 
dxe5 7. dxe5 P@g4 8. exf6 gxf6 9. Bxf6 Qxf6 10. P@g5 Qe7 11. N@f6+ Kd8 
12. Nxd7 Qxd7 13. Qxd7+ Kxd7 14. Rd1+ P@d5 15. Bb5 gxf3 16. Bxc6+ bxc6 17. N@e5+ 
Kc8 18. B@a6+ Q@b7 19. P@d7+ Kb8 20. Nxc6+ Qxc6 21. Q@c8# 
{MyPartner checkmated} 1-0

[Event "fics rated crazyhouse match"]
[Site "fics, Oklahoma City, OK USA"]
[Date "2000.10.17"]
[White "jtp"]
[WhiteElo "2312"]
[Black "Gobi"]
[BlackElo "2342"]
[TimeControl "180+0"]
[Result "1-0"]

1. e4 e5 2. Nf3 Nc6 3. Bc4 Bc5 4. c3 Nf6 5. d4 exd4 6. cxd4 
Bxd4 7. O-O P@e5 8. P@d5 P@g4 9. dxc6 gxf3 10. cxd7+ Bxd7 11. Qxf3 N@d6 
12. Na3 Bg4 13. Qb3 Nfxe4 14. Bxf7+ Nxf7 15. P@e6 B@d5 16. P@d7+ Kf8 17. Qxd5 
Nxf2 18. P@e3 P@e2 19. B@b4+ P@d6 20. Rxf2 P@f4 21. exd4 Qh4 22. g3 Qh3 
23. Qxb7 Rd8 24. B@g2 Bxe6 25. Bxh3 Bxh3 26. Qxc7 Rxd7 27. Q@c8+ B@e8 28. Bxd6+ 
Nxd6 29. P@e7+ Kxe7 30. N@d5+ Kf7 31. Q7xd7+ Bexd7 32. R@e7+ Kg6 33. P@h5+ Kxh5 
{Gobi forfeits on time} 1-0

[Event "fics rated crazyhouse match"]
[Site "fics, Oklahoma City, OK USA"]
[Date "2000.10.17"]
[White "Gobi"]
[WhiteElo "2333"]
[Black "jtp"]
[BlackElo "2321"]
[TimeControl "180+0"]
[Result "1-0"]

1. e4 Nf6 2. Nc3 d5 3. exd5 Nxd5 4. Bc4 e6 5. Nge2 Nc6 6. Bxd5 
exd5 7. Nf4 d4 8. Ncd5 P@e6 9. Qe2 B@e5 10. N@d3 Bfd6 11. Nh5 Qg5 
12. f4 Bxf4 13. Nd5xf4 P@c4 14. Nf2 Bxf4 15. Nxf4 Qxf4 16. Qxc4 N@h4 17. B@e4 
N@e5 18. Qe2 Nxg2+ 19. Bxg2 P@f3 20. B@g3 fxe2 21. Bxf4 d3 22. Bxc6+ Nxc6 
23. Bxc7 Bd7 24. N@d6+ Kf8 25. P@f6 gxf6 26. P@g7+ Kxg7 27. N@h5+ Kf8 28. Q@g7# 
{jtp resigns} 1-0

[Event "fics rated crazyhouse match"]
[Site "fics, Oklahoma City, OK USA"]
[Date "2000.10.17"]
[White "jtp"]
[WhiteElo "2313"]
[Black "Gobi"]
[BlackElo "2341"]
[TimeControl "180+0"]
[Result "1-0"]

1. e4 e5 2. Nf3 Nc6 3. Bc4 Bc5 4. c3 Nf6 5. d4 exd4 6. cxd4 
Bxd4 7. O-O P@e5 8. P@d5 Na5 9. Bd3 d6 10. Bd2 P@c4 11. Bxa5 cxd3 
12. Qxd3 Bxb2 13. Qb5+ c6 14. dxc6 Qxa5 15. Qxa5 O-O 16. P@e7 Bg4 17. exf8=Q+ 
Rxf8 18. P@e7 B@b6 19. exf8=Q+ Kxf8 20. Q@d8+ B@e8 21. R@h8+ Ng8 22. Qaxb6 Bxf3 
23. B@e7# 
{Gobi checkmated} 1-0

[Event "fics rated crazyhouse match"]
[Site "fics, Oklahoma City, OK USA"]
[Date "2000.10.17"]
[White "Gobi"]
[WhiteElo "2332"]
[Black "jtp"]
[BlackElo "2322"]
[TimeControl "180+0"]
[Result "1-0"]

1. e4 Nf6 2. e5 Ne4 3. Qf3 d5 4. exd6 Nxd6 5. Bc4 Nxc4 6. d3 
Nd6 7. Nc3 e6 8. Bf4 Nc6 9. Nge2 e5 10. P@d5 exf4 11. dxc6 bxc6 
12. Nxf4 Qe7+ 13. P@e3 P@d5 14. Ncxd5 cxd5 15. Nxd5 N@d4 16. Qd1 B@a5+ 17. P@c3 
P@e2 18. Qd2 Qe5 19. exd4 Qxd5 20. Qxe2+ Be7 21. N@f4 Qxd4 22. N@d5 P@e5 
23. Nxc7+ Bxc7 24. cxd4 exf4 25. Q@c6+ N@d7 26. Qxa8 B@b7 27. Qxa7 Bxg2 28. Qxc7 
N@f3+ 29. Kd1 P@e3 30. fxe3 Bxh1 31. exf4 R@e1+ 32. Qxe1 Nxe1 33. R@e2 Bf3 
34. R@d8# 
{jtp checkmated} 1-0

[Event "fics rated crazyhouse match"]
[Site "fics, Oklahoma City, OK USA"]
[Date "2000.10.17"]
[White "jtp"]
[WhiteElo "2314"]
[Black "Gobi"]
[BlackElo "2340"]
[TimeControl "180+0"]
[Result "1-0"]

1. e4 e5 2. Nf3 Nc6 3. Bc4 Bc5 4. c3 d6 5. d4 exd4 6. cxd4 
Bb4+ 7. Bd2 Nf6 8. Bxf7+ Kxf7 9. Qb3+ B@e6 10. P@d5 Bxd2+ 11. Nbxd2 Re8 
12. dxe6+ Kf8 13. d5 Ne5 14. P@f7 Re7 15. Nxe5 dxe5 16. N@f5 N@d4 17. Nxd4 
exd4 18. B@c5 N@h4 19. Bxe7+ Kxe7 20. B@c5+ P@d6 21. Bxd4 Nxg2+ 22. Kf1 P@e5 
23. N@f5+ Kf8 24. R@h8+ B@g8 25. fxg8=Q+ Nxg8 26. P@f7 Bxe6 27. dxe6 P@e2+ 28. Kxg2 
Qg5+ 29. B@g3 B@f1+ 30. Rhxf1 P@h3+ 31. Kxh3 exf1=Q+ 32. Nxf1 Qxf5+ 33. exf5 N@g5+ 
34. Kg2 exd4 35. fxg8=Q# 
{Gobi forfeits on time} 1-0

[Event "fics rated crazyhouse match"]
[Site "fics, Oklahoma City, OK USA"]
[Date "2000.10.17"]
[White "Gobi"]
[WhiteElo "2331"]
[Black "jtp"]
[BlackElo "2323"]
[TimeControl "180+0"]
[Result "1-0"]

1. e4 Nf6 2. e5 Ne4 3. Qf3 d5 4. Nc3 Nxc3 5. dxc3 e6 6. Nh3 
Nc6 7. Bf4 d4 8. Rd1 N@f5 9. N@g3 Qd5 10. Qxd5 exd5 11. Ng5 Nxg3 
12. hxg3 dxc3 13. bxc3 Be7 14. Rxd5 Bxg5 15. Bxg5 Q@e4+ 16. N@e3 Be6 17. B@b5 
Bxd5 18. Q@e7# 
{jtp checkmated} 1-0

[Event "fics rated crazyhouse match"]
[Site "fics, Oklahoma City, OK USA"]
[Date "2000.10.17"]
[White "jtp"]
[WhiteElo "2315"]
[Black "Gobi"]
[BlackElo "2339"]
[TimeControl "180+0"]
[Result "1-0"]

1. e4 e5 2. Nf3 Nc6 3. Bc4 Bc5 4. c3 Nf6 5. d4 exd4 6. cxd4 
Nxd4 7. Nxd4 Bxd4 8. O-O P@e5 9. N@f5 d5 10. Nxg7+ Kf8 11. Bh6 Kg8 
12. Bxd5 Nxd5 13. exd5 N@g4 14. Nh5 P@g7 15. Qxg4 Bxg4 16. N@f6+ gxf6 17. P@g7 
Bxf2+ 18. Kh1 N@g6 19. gxh8=Q+ Kxh8 20. P@g7+ Kg8 21. R@f8+ Nxf8 22. gxf8=Q+ Qxf8 
23. Nxf6+ Kh8 24. Bxf8 R@g3 
{Gobi forfeits on time} 1-0

[Event "fics rated crazyhouse match"]
[Site "fics, Oklahoma City, OK USA"]
[Date "2000.10.17"]
[White "Gobi"]
[WhiteElo "2330"]
[Black "jtp"]
[BlackElo "2324"]
[TimeControl "180+0"]
[Result "1-0"]

1. d4 Nf6 2. Nc3 e6 3. e4 Bb4 4. Bd3 Nc6 5. Ne2 d6 6. O-O 
e5 7. d5 Nd4 8. Nxd4 exd4 9. Ne2 Bc5 10. N@b3 Qe7 11. Nexd4 Bxd4 
12. Nxd4 Bg4 13. f3 N@h3+ 14. gxh3 Bxh3 15. Rf2 Nh5 16. N@f5 Bxf5 17. Nxf5 
N@h3+ 18. Kf1 Nxf2 19. Kxf2 N@h3+ 20. Ke2 N5f4+ 21. Bxf4 Nxf4+ 22. Kd2 B@b4+ 
23. B@c3 R@g2+ 24. P@e2 Bxc3+ 25. bxc3 P@d4 26. cxd4 Qd7 27. B@b5 c6 28. dxc6 
bxc6 29. Nxg7+ Kd8 30. B@f6+ Kc8 31. Ba6+ P@b7 32. Bxb7+ Kxb7 33. P@a6+ Kc7 
34. P@e5 B@a5+ 35. c3 Nxd3 36. Kxd3 B@b5+ 37. Kc2 B@d3+ 38. Kc1 Rxe2 39. exd6+ 
Qxd6 40. Qxe2 Bxe2 41. N@e8+ Rhxe8 42. Nxe8+ Kc8 43. R@b7 Q@d1+ 44. Kb2 
{jtp forfeits on time} 1-0

[Event "fics rated crazyhouse match"]
[Site "fics, Oklahoma City, OK USA"]
[Date "2000.10.17"]
[White "jtp"]
[WhiteElo "2316"]
[Black "Gobi"]
[BlackElo "2338"]
[TimeControl "180+0"]
[Result "0-1"]

1. e4 Nf6 2. Nc3 Nc6 3. Nf3 e5 4. d3 h6 5. Nd5 Bc5 6. c3 
Nxd5 7. exd5 Ne7 8. d4 exd4 9. cxd4 Bb4+ 10. P@c3 Nxd5 11. cxb4 Nxb4 
12. B@b3 d5 13. Ne5 P@d6 14. Nxf7 Kxf7 15. Qf3+ N@f6 16. N@e3 Re8 17. Be2 
P@g4 18. Qxd5+ Nbxd5 19. Nxd5 Rxe2+ 20. Kxe2 P@d3+ 21. Kxd3 Bf5+ 22. Kd2 Ne4+ 
23. Ke1 N@d3+ 24. Ke2 Nxc1+ 25. Raxc1 B@f3+ 26. Kd3 Nc5+ 27. Kc4 Bd3+ 28. Kb4 
a5# 
{jtp forfeits on time} 0-1

[Event "fics rated crazyhouse match"]
[Site "fics, Oklahoma City, OK USA"]
[Date "2000.10.18"]
[White "jtp"]
[WhiteElo "2309"]
[Black "Ebenfelt"]
[BlackElo "2227"]
[TimeControl "300+0"]
[Result "1-0"]

1. e4 e5 2. Nf3 Nc6 3. Bc4 Bc5 4. c3 Nf6 5. d4 exd4 6. cxd4 
Bxd4 7. O-O Nxe4 8. Nxd4 O-O 9. P@h6 gxh6 10. Bxh6 P@h3 11. Qg4+ P@g6 
12. Bxf8 Qxf8 13. Qxe4 Nxd4 14. N@f6+ Kh8 15. P@e7 
{Ebenfelt resigns} 1-0

[Event "fics rated crazyhouse match"]
[Site "fics, Oklahoma City, OK USA"]
[Date "2000.10.18"]
[White "Ebenfelt"]
[WhiteElo "2220"]
[Black "jtp"]
[BlackElo "2315"]
[TimeControl "300+0"]
[Result "1-0"]

1. e4 Nf6 2. Nc3 d5 3. e5 d4 4. exf6 dxc3 5. fxg7 cxd2+ 6. Bxd2 
Bxg7 7. P@c3 N@e4 8. P@h6 Bf6 9. Nf3 Bg4 10. Bd3 Nxd2 11. Qxd2 P@e4 
12. Bxe4 Qxd2+ 13. Kxd2 Bxf3 14. Bxf3 N@c4+ 15. Ke1 Q@d2+ 16. Kf1 B@c6 17. B@d3 
Bxf3 18. Q@c8+ B@d8 19. gxf3 Ne3+ 20. Kg1 Rg8+ 21. P@g7 Bxg7 22. hxg7 Rxg7+ 
23. B@g3 P@g2 24. B@h3 gxh1=Q+ 25. Kxh1 P@g2+ 26. Bxg2 Nxg2 27. N@h5 R@e1+ 28. Rxe1 
Qxe1+ 29. R@g1 Qxg1+ 30. Kxg1 R@e1+ 31. N@f1 Nc6 32. Nxg7+ Kf8 33. Q@h8+ B@g8 
34. R@e8# 
{jtp checkmated} 1-0

[Event "fics rated crazyhouse match"]
[Site "fics, Oklahoma City, OK USA"]
[Date "2000.10.18"]
[White "jtp"]
[WhiteElo "2305"]
[Black "Ebenfelt"]
[BlackElo "2231"]
[TimeControl "300+0"]
[Result "1-0"]

1. e4 e5 2. Nf3 Nc6 3. Bc4 Bc5 4. c3 Nf6 5. d4 exd4 6. cxd4 
Bb4+ 7. Bd2 Bxd2+ 8. Nbxd2 d5 9. exd5 Nxd5 10. Qe2+ P@e6 11. B@a4 Nf4 
12. Qf1 O-O 13. P@e3 Nd5 14. Bxc6 bxc6 15. Ne5 Bd7 16. Rc1 P@f4 17. e4 
Ne3 18. P@h6 gxh6 19. Nxd7 Nxf1 20. N@f6+ Kh8 21. Rxf1 P@g7 22. Nxf8 Qxf6 
23. B@e5 Qxe5 24. dxe5 B@e3 25. fxe3 fxe3 26. R@g8+ Kxg8 27. N@e7+ Kxf8 28. Q@g8+ 
Kxe7 29. Rxf7# 
{Ebenfelt checkmated} 1-0

[Event "fics rated crazyhouse match"]
[Site "fics, Oklahoma City, OK USA"]
[Date "2000.10.18"]
[White "jtp"]
[WhiteElo "2311"]
[Black "BEO"]
[BlackElo "2205"]
[TimeControl "120+0"]
[Result "1-0"]

1. e4 e6 2. d4 d5 3. exd5 exd5 4. Bb5+ c6 5. Qe2+ Be7 6. Bf4 
cxb5 7. Nc3 P@d6 8. Nxd5 Be6 9. Nxe7 Nxe7 10. B@h4 N@f5 11. Bxe7 Qxe7 
12. Qxb5+ B@c6 13. Qe2 Nxd4 14. P@h6 Nxe2 15. Nxe2 gxh6 16. N@g7+ Kd8 17. Rd1 
Bed5 18. N@f5 Qf6 19. P@e7+ Kc7 20. Bxd6+ Qxd6 21. Nxd6 B@b4+ 22. P@c3 Bxd6 
23. e8=Q Nd7 24. Qxa8 Rxa8 25. P@f3 Bxf3 26. Q@e3 Bxg2 27. Rg1 N@f3+ 28. Qxf3 
Bgxf3 29. N@d4 Bxe2 30. Kxe2 N@f3 31. B@g3 Nxd4+ 32. cxd4 B@f3+ 33. Kd2 Q@e2+ 
34. Kc1 Qxc2+ 35. Kxc2 
{BEO forfeits on time} 1-0

[Event "fics rated crazyhouse match"]
[Site "fics, Oklahoma City, OK USA"]
[Date "2000.10.18"]
[White "BEO"]
[WhiteElo "2199"]
[Black "jtp"]
[BlackElo "2317"]
[TimeControl "120+0"]
[Result "0-1"]

1. e4 Nf6 2. e5 Ne4 3. d3 Nxf2 4. Kxf2 Nc6 5. Bf4 d6 6. exd6 
cxd6 7. Be2 e5 8. Bd2 d5 9. Nf3 Bc5+ 10. Kf1 P@h3 11. gxh3 Bxh3+ 
12. P@g2 Bxg2+ 13. Kxg2 P@g4 14. Ng5 P@h3+ 15. Kg3 h5 16. P@e6 P@f4+ 17. Kh4 
Qxg5+ 18. Kxg5 Be7+ 19. Kf5 N@d6# 
{BEO checkmated} 0-1

[Event "fics rated crazyhouse match"]
[Site "fics, Oklahoma City, OK USA"]
[Date "2000.10.18"]
[White "jtp"]
[WhiteElo "2322"]
[Black "BEO"]
[BlackElo "2194"]
[TimeControl "120+0"]
[Result "0-1"]

1. e4 e6 2. d4 d5 3. exd5 exd5 4. Nc3 Nf6 5. Bb5+ c6 6. Qe2+ 
Be7 7. Bf4 P@d6 8. Bd3 O-O 9. Nf3 Nbd7 10. P@e5 dxe5 11. dxe5 Nh5 
12. g3 P@e4 13. Bxe4 dxe4 14. Nxe4 B@d5 15. Rd1 Nxf4 16. gxf4 B@g2 17. Rg1 
Bxf3 18. N@h6+ Kh8 19. P@f6 Nxf6 20. exf6 Bxf6 21. Qxf3 N@d4 22. Rxd4 Bxd4 
23. B@c3 Bxe4 24. Qxe4 Bxc3+ 25. bxc3 P@d2+ 26. Ke2 N@c1+ 27. Kf3 d1=Q+ 28. B@e2 
Qxe2+ 29. Qxe2 P@g4+ 30. Nxg4 Nxe2 31. B@e5 Bxg4+ 32. Rxg4 B@d5+ 33. P@e4 Bxe4+ 
34. Ke3 Q@d2+ 35. Kxe4 P@d5+ 36. Kf3 B@e4# 
{jtp checkmated} 0-1